 Dungeon Sprint DCSS version 0.27-a0-1281-ge233d83751 (webtiles) character file.

Game seed: 9490081552920889548

258 mhtbhm the Fighter (level 6, 0/46 HPs)
             Began as a Gargoyle Berserker on June 13, 2021.
             Was a Believer of Trog.
             Slain by a necrophage (2 damage)
             ... in the Dungeon (Sprint II: "The Violet Keep of Menkaure").
             The game lasted 00:00:16 (40 turns).

mhtbhm the Fighter (Gargoyle Berserker)               Turns: 40, Time: 00:00:17

Health: 0/46       AC:  6    Str: 23    XL:     6   Next: 16%
Magic:  6/6        EV: 12    Int:  7    God:    Trog [**....]
Gold:   0          SH:  0    Dex:  9    Spells: 5/5 levels left

rFire    . . .     SeeInvis .   a - +0 mace
rCold    . . .     Faith    .   (no shield)
rNeg     + . .     Spirit   .   b - +0 animal skin
rPois    ∞         Reflect  .   (no helmet)
rElec    +         Harm     .   (no cloak)
rCorr    .         Rampage  .   (no gloves)
Will     .....     NoTele   +   (no boots)
Stlth    +.........             (no amulet)
HPRegen  0.15/turn              (no ring)
MPRegen  0.10/turn              (no ring)

@: on berserk cooldown, slowed, very slow
A: sickness immunity, AC +4, negative energy resistance 1, electricity
resistance, torment resistance 1, petrification resistance
a: Renounce Religion, Berserk, Trog's Hand


You were in the Dungeon.
You worshipped Trog.
Trog was pleased with you.
You visited 1 branch

Inventory:

Hand Weapons
 a - a +0 mace (weapon)
Armour
 b - a +0 animal skin (worn)
Scrolls
 h - a scroll of blinking
Potions
 e - a potion of haste
 f - 2 potions of magic
 g - a potion of berserk rage


   Skills:
 + Level 9.1 Fighting
 + Level 8.3 Maces & Flails
 + Level 4.9 Armour
 + Level 3.5 Dodging


You had 5 spell levels left.
You didn't know any spells.
Your spell library was empty.

Dungeon Overview and Level Annotations

Branches:
Dungeon (1/1)

Altars:


Innate Abilities, Weirdness & Mutations

You are immune to sickness and miasma.
Your stone body is resilient. (AC +4)
You are immune to poison.
You resist negative energy. (rN+)
You are resistant to electric shocks. (rElec)
You are resistant to unholy torment.
You are immune to petrification.


Message History

You hit the necrophage.
The necrophage is almost destroyed.
The necrophage hits you.
* * * LOW HITPOINT WARNING * * *
The necrophage closely misses you.
You hit the necrophage.
The necrophage is almost destroyed.
The necrophage closely misses you.
You hit the necrophage.
You destroy the necrophage!
Trog accepts your kill.
You can now call upon Trog for regeneration and willpower.
The necrophage closely misses you.
Your Fighting skill increases to level 9!
Your Maces & Flails skill increases to level 8!
You have reached level 6!
Your experience leads to an increase in your attributes!
Increase (S)trength, (I)ntelligence, or (D)exterity?
You feel stronger.
Unknown command.
You feel better. The necrophage hits you.
* * * LOW HITPOINT WARNING * * *
You barely miss the necrophage. The necrophage barely misses you.
The necrophage hits you.
* * * LOW HITPOINT WARNING * * *
You hit the necrophage.
The necrophage is lightly damaged.
The necrophage hits you.
* * * LOW HITPOINT WARNING * * *
You hit the necrophage.
The necrophage is moderately damaged.
The necrophage barely misses you. The necrophage hits you.
* * * LOW HITPOINT WARNING * * *
You closely miss the necrophage.
The necrophage is moderately damaged.
The necrophage barely misses you.
You closely miss the necrophage.
The necrophage is moderately damaged.
The necrophage hits you.
You die...

## ##
##.
.##
..#..
.$.
#n#
##@##
+.<.+
##.##
#+#


You could see a necrophage.

Vanquished Creatures
  3 necrophages (D)
3 creatures vanquished.

Vanquished Creatures (others)
  Menkaure (D)
  A water moccasin (D)
2 creatures vanquished.

Grand Total: 5 creatures vanquished

Notes
Turn   | Place    | Note
-------+----------+-------------------------------------------
     0 | D        | mhtbhm the Gargoyle Berserker began the quest for the Orb.
     0 | D        | Reached XP level 1. HP: 14/14 MP: 1/1
     1 | D        | Noticed a necrophage
     1 | D        | Noticed a necrophage
     1 | D        | Noticed a necrophage
     1 | D        | Noticed a necrophage
    10 | D        | Killed a water moccasin
    13 | D        | Killed a necrophage
    14 | D        | Reached skill level 6 in Fighting
    14 | D        | Reached XP level 2. HP: 7/23 MP: 2/2
    14 | D        | Reached XP level 3. HP: 9/28 MP: 3/3
    14 | D        | Reached XP level 4. HP: 11/32 MP: 4/4
    17 | D        | Killed a necrophage
    18 | D        | Reached skill level 8 in Fighting
    18 | D        | Reached XP level 5. HP: 13/39 MP: 5/5
    21 | D        | Killed Menkaure
    34 | D        | Killed a necrophage
    34 | D        | Reached ** piety under Trog
    35 | D        | Reached skill level 9 in Fighting
    35 | D        | Reached XP level 6. HP: 4/46 MP: 6/6
    38 | D        | HP: 2/46 [necrophage (5)]
    40 | D        | Slain by a necrophage

Illustrated notes

Levels and vault maps discovered:
D:        the_violet_keep_of_menkaure [sprint2_stairs_cluster_1,
          sprint2_shoproom, sprint2_temple, sprint2_basic_supplies,
          sprint2_obstacle_2, sprint2_obstacle_3, sprint2_obstacle_7,
          sprint2_obstacle_1, sprint2_obstacle_4, sprint2_timed_cluster_1,
          sprint2_smallroom_cluster_1, sprint2_smallroom_final_cluster_1,
          sprint2_transparent_cluster_1, sprint2_second_timed_cluster_1,
          sprint2_sniper_area_1, sprint2_heavy_combat_area_1,
          sprint2_mutation_trap_area_1, sprint2_forest_area_1,
          sprint2_light_combat_area_1, sprint2_behind_water_1,
          sprint2_near_end_vault_1]

Skill      XL: |  1  2  3  4  5 |
---------------+----------------+-----
Fighting       | 6 8 9 |  9.1
Maces & Flails | 6 7 8 |  8.3
Armour         | 3 4 |  4.9
Dodging        | 2 3 |  3.5

Action                   |  1- 3 |  4- 6 || total
-------------------------+-------+-------++-------
Melee: Mace              |    11 |    25 ||    36
Invok: Berserk           |     1 |       ||     1
  Use: Potion            |       |     2 ||     2
Armor: Animal skin       |       |     6 ||     6
Dodge: Dodged            |     3 |    15 ||    18

Table legend: (Time is in decaauts)
 A = Elapsed time spent in this place.
 B = Non-inter-level travel time spent in this place.
 C = Inter-level travel time spent in this place.
 D = Time resting spent in this place.
 E = Time spent auto-exploring this place.
 F = Levels seen in this place.
 G = Mean time per level.
                   A        B        C        D        E       F      G
               +--------+--------+--------+--------+--------+-----+--------+
         Total |     48 |     48 |      0 |      0 |      0 |   1 |   48.0 |
       Dungeon |     48 |     48 |      0 |      0 |      0 |   1 |   48.0 |
               +--------+--------+--------+--------+--------+-----+--------+

Top non-repeatable levels by time:
       D: 48 daAuts
